Blackhawks vs Coyotes

Created - Friday, March 13, 2015 at 01:18

Goals
1 2 3 T
Blackhawks 3 0 1 4
Coyotes 0 2 1 3
Shots
1 2 3 T
Blackhawks 16 6 15 37
Coyotes 5 11 10 26

1st period

1. Blackhawks , Dustin Byfuglien 21 (David Backes) at 2:59 (PP)
2. Blackhawks , Dustin Byfuglien 22 (Ryan Callahan, Martin Hanzal) at 12:00
3. Blackhawks , Torey Krug 10 (Tyler Toffoli, Jeff Carter) at 13:05 (PP)

Penalties :
Evan Oberg (Ari) for Hooking (Minor) at 2:05, Mark Borowiecki (Ari) for Hooking (Minor) at 5:06, T.J. Brennan (Ari) for Roughing (Minor) at 12:05, Eric Nystrom (Ari) for Holding (Minor) at 14:11

2nd period

4. Coyotes , Stephen Weiss 7 (Mark Borowiecki, Martin Erat) at 14:41
5. Coyotes , Stephen Weiss 8 (Martin Erat, Matt Gilroy) at 17:26

Penalties :
T.J. Brennan (Ari) for Hooking (Minor) at 2:16, Ed Jovanovski (Chi) for Hooking (Minor) at 18:21

3rd period

6. Coyotes , Jaden Schwartz 32 (Elias Lindholm) at 0:04 (PP)
7. Blackhawks , Ryan Callahan 29 (Martin Hanzal, Justin Braun) at 19:27

Penalties :
Jordie Benn (Chi) for High sticking (Minor) at 4:07, Justin Fontaine (Chi) for Hooking (Minor) at 18:01, David Jones (Ari) for Holding (Minor) at 19:07

Goalie Stats

Jimmy Howard (Chi), 23 saves from 26 shots - (0.885), W, 21-25-6, 60:00 minutes
Carter Hutton (Ari), 33 saves from 37 shots - (0.892), L, 7-17-1, 59:47 minutes

Players Stats for Blackhawks

Player Name              G  A  P  +/- PIM S  H  SB GA TA FO     MP     PP MP  PK MP  
------------------------------------------------------------------------------------
Andrew Shaw              0  0  0   0  0   2  0  0  0  0  1/4    10:02   0:00   0:00 
Barret Jackman           0  0  0   0  0   2  3  0  0  2  0/0    19:17   0:00   3:38 
Brent Burns              0  0  0   0  0   1  0  0  2  0  0/0    15:49   3:27   0:31 
Brooks Laich             0  0  0   0  0   2  0  1  0  1  2/5    12:06   0:00   2:04 
David Backes             0  1  1   0  0   6  3  0  3  1  9/20   16:21   3:50   0:00 
Dustin Byfuglien         2  0  2   0  0   4  2  0  1  0  0/0    15:59   3:27   0:00 
Ed Jovanovski            0  0  0   0  2   0  1  0  1  1  0/0    22:50   4:23   2:51 
Jeff Carter              0  1  1  -1  0   4  1  0  1  1  0/1    19:00   3:50   2:44 
Jordie Benn              0  0  0   0  2   2  0  1  0  4  0/0    16:57   0:00   1:10 
Justin Braun             0  1  1   0  0   1  0  2  0  4  0/0    17:15   0:00   1:26 
Justin Fontaine          0  0  0   0  2   2  0  0  0  1  0/0    10:01   0:00   0:00 
Martin Hanzal            0  2  2   1  0   2  1  0  1  1  9/14   19:53   4:00   2:44 
Michael Del Zotto        0  0  0   0  0   1  0  0  1  0  0/0    15:20   0:00   0:00 
Mike Hoffman             0  0  0  -1  0   0  0  0  0  0  0/0    11:39   0:00   0:00 
Riley Sheahan            0  0  0  -1  0   2  0  0  0  0  2/6    16:03   4:00   0:00 
Ryan Callahan            1  1  2   1  0   3  1  0  7  0  0/1    19:13   4:00   2:04 
Torey Krug               1  0  1   0  0   3  1  1  1  0  0/0    20:38   4:23   0:00 
Tyler Toffoli            0  1  1   0  0   0  0  0  1  0  0/0    15:49   3:50   0:00 

Players Stats for Coyotes

Player Name              G  A  P  +/- PIM S  H  SB GA TA FO     MP     PP MP  PK MP  
------------------------------------------------------------------------------------
Aaron Palushaj           0  0  0   0  0   2  0  0  1  0  1/1     8:36   0:00   0:00 
Dale Weise               0  0  0   0  0   1  0  0  1  0  0/0     8:36   0:00   0:00 
David Jones              0  0  0   0  2   0  0  0  0  0  1/1    13:17   2:55   0:30 
Drayson Bowman           0  0  0   2  0   2  0  0  3  0  0/0    14:17   0:00   0:00 
Elias Lindholm           0  1  1  -1  0   1  0  0  5  0  9/17   18:07   2:56   0:20 
Eric Nystrom             0  0  0  -1  2   2  2  1  0  1  0/0    18:59   1:52   4:21 
Evan Oberg               0  0  0   0  2   0  1  0  0  1  0/0    19:41   1:44   2:32 
Jaden Schwartz           1  0  1  -1  0   3  1  1  3  4  0/2    19:21   2:56   1:46 
Mark Borowiecki          0  1  1   2  2   3  1  0  0  0  0/0    19:38   0:00   4:09 
Markus Granlund          0  0  0   0  0   2  0  0  4  0  4/9    14:42   0:23   3:59 
Martin Erat              0  2  2   2  0   1  1  1  2  0  0/0    16:09   1:52   0:00 
Matt Gilroy              0  1  1   1  0   0  1  1  0  2  0/0    24:46   3:04   5:24 
Michael Kostka           0  0  0  -2  0   2  0  6  1  2  0/0    22:53   3:04   2:26 
Michal Jordan            0  0  0   0  0   1  0  2  0  0  0/0    14:06   0:00   0:00 
Pierre-Marc Bouchard     0  0  0  -1  0   0  0  0  0  0  0/0    12:46   0:00   0:00 
Rich Peverley            0  0  0  -1  0   2  1  3  0  0  7/11    9:39   0:00   4:44 
Stephen Weiss            2  0  2   2  0   4  1  0  4  0  6/10   15:46   1:29   0:00 
T.J. Brennan             0  0  0  -1  4   0  0  0  0  2  0/0    19:48   1:44   1:09 

3 Stars

1 - Stephen Weiss (Ari)
2 - Dustin Byfuglien (Chi)
3 - Ryan Callahan (Chi)

Power Play

Blackhawks - 2 on 6 Attempt(s) - 33.33%
Coyotes - 1 on 3 Attempt(s) - 33.33%

Penalty Kill

Blackhawks - 2 on 3 Attempt(s) - 66.67% - Score 0 goal in Penalty Kill
Coyotes - 4 on 6 Attempt(s) - 66.67% - Score 0 goal in Penalty Kill

Team Stat

Blackhawks - Hits : 13 - Faceoff Wins : 23 - Blocked Shots : 5 - Penalty Minutes : 6
Coyotes - Hits : 9 - Faceoff Wins : 28 - Blocked Shots : 15 - Penalty Minutes : 12

Official

Referees : Unknown
Linesman : Unknown

Game Notes

Rich Peverley is injured at 2:40 of 2nd period (Sprained Left Knee)

Finance

Level 1 -- Attendance: 4454 (74.23%) -- Ticket Income $409,768
Level 2 -- Attendance: 3328 (66.56%) -- Ticket Income $199,680
Level 3 -- Attendance: 1390 (69.50%) -- Ticket Income $44,480
Level 4 -- Attendance: 2838 (70.95%) -- Ticket Income $56,760
Luxury Box -- Attendance: 794 (79.40%) -- Ticket Income $146,890
Game was played at the Glendale Arena'
Total Attendance: 12804 (71.13%)
Total Ticket Income: $857,578
Other Income: $420,213
Total Income: $1,277,791

Blackhawks

5 vs 5 Forward 
   Center                   Left Wing                Right Wing               Time % Phy DF OF 
 1 Martin Hanzal            Dustin Byfuglien         Ryan Callahan            30     1   2  2  
 2 Riley Sheahan            Mike Hoffman             Jeff Carter              25     1   2  2  
 3 David Backes             Tyler Toffoli            Brent Burns              25     2   2  1  
 4 Andrew Shaw              Brooks Laich             Justin Fontaine          20     2   2  1  

5 vs 5 Defense 
   Defense                  Defense                                           Time % Phy DF OF 
 1 Ed Jovanovski            Barret Jackman                                    30     1   2  2  
 2 Justin Braun             Michael Del Zotto                                 30     1   2  2  
 3 Jordie Benn              Torey Krug                                        30     1   2  2  
 4 Ed Jovanovski            Barret Jackman                                    10     1   2  2  

PowerPlay Forward 
   Center                   Left Wing                Right Wing               Time % Phy DF OF 
 1 David Backes             Tyler Toffoli            Jeff Carter              50     0   1  4  
 2 Martin Hanzal            Riley Sheahan            Ryan Callahan            50     0   1  4  

PowerPlay Defense
   Defense                  Defense                                           Time % Phy DF OF 
 1 Brent Burns              Dustin Byfuglien                                  50     0   2  3  
 2 Ed Jovanovski            Torey Krug                                        50     0   2  3  

Penalty Kill 4 Players Forward 
   Center                   Wing                     Time % Phy DF OF 
 1 Brooks Laich             Ryan Callahan            50     1   3  1  
 2 Martin Hanzal            Jeff Carter              50     1   3  1  

Penalty Kill 4 Players Defense
   Defense                  Defense                  Time % Phy DF OF 
 1 Ed Jovanovski            Barret Jackman           50     2   3  0  
 2 Jordie Benn              Justin Braun             50     2   3  0  

Penalty Kill - 3 Players Forward 
   Forward                                           Time % Phy DF OF 
 1 Ryan Callahan                                     50     1   4  0  
 2 Brooks Laich                                      50     1   4  0  

Penalty Kill - 3 Players Defense
   Defense                  Defense                  Time % Phy DF OF 
 1 Ed Jovanovski            Barret Jackman           50     1   4  0  
 2 Jordie Benn              Justin Braun             50     1   4  0  

4 vs 4 Forward 
   Center                   Wing                     Time % Phy DF OF 
 1 David Backes             Jeff Carter              50     0   2  3  
 2 Martin Hanzal            Ryan Callahan            50     0   2  3  

4 vs 4 Defense
   Defense                  Defense                  Time % Phy DF OF 
 1 Justin Braun             Michael Del Zotto        50     1   2  2  
 2 Jordie Benn              Torey Krug               50     1   2  2  

Last Minutes Offensive
   Center                   Left Wing                Right Wing               Defense                  Defense                  
   David Backes             Ryan Callahan            Jeff Carter              Dustin Byfuglien         Michael Del Zotto        

Last Minutes Defensive
   Center                   Left Wing                Right Wing               Defense                  Defense                  
   David Backes             Brooks Laich             Ryan Callahan            Justin Braun             Barret Jackman           

Goaltenders
Starting : Jimmy Howard             
Backup : Craig Anderson           

Extra Forwards
Normal : Jeff Carter, David Backes, Ryan Callahan - PP : Ryan Callahan, Jeff Carter - PK : David Backes
Extra Defensemen
Normal : Justin Braun, Torey Krug, Dustin Byfuglien - PP : Brent Burns - PK : Justin Braun, Barret Jackman
Penalty Shots
Brooks Laich, Brent Burns, Jeff Carter, Ryan Callahan, Dustin Byfuglien

Coyotes

5 vs 5 Forward 
   Center                   Left Wing                Right Wing               Time % Phy DF OF 
 1 Elias Lindholm           Jaden Schwartz           David Jones              35     1   2  2  
 2 Rich Peverley            Eric Nystrom             Pierre-Marc Bouchard     30     1   2  2  
 3 Stephen Weiss            Martin Erat              Drayson Bowman           22     1   2  2  
 4 Markus Granlund          Aaron Palushaj           Dale Weise               13     1   2  2  

5 vs 5 Defense 
   Defense                  Defense                                           Time % Phy DF OF 
 1 T.J. Brennan             Michael Kostka                                    35     1   2  2  
 2 Mark Borowiecki          Matt Gilroy                                       30     1   2  2  
 3 Evan Oberg               Michal Jordan                                     22     1   2  2  
 4 Matt Gilroy              Mark Borowiecki                                   13     1   2  2  

PowerPlay Forward 
   Center                   Left Wing                Right Wing               Time % Phy DF OF 
 1 Elias Lindholm           Jaden Schwartz           David Jones              60     1   2  2  
 2 Rich Peverley            Martin Erat              Eric Nystrom             40     1   2  2  

PowerPlay Defense
   Defense                  Defense                                           Time % Phy DF OF 
 1 Matt Gilroy              Michael Kostka                                    60     1   2  2  
 2 Evan Oberg               T.J. Brennan                                      40     1   2  2  

Penalty Kill 4 Players Forward 
   Center                   Wing                     Time % Phy DF OF 
 1 Rich Peverley            Eric Nystrom             60     1   2  2  
 2 Markus Granlund          Jaden Schwartz           40     1   2  2  

Penalty Kill 4 Players Defense
   Defense                  Defense                  Time % Phy DF OF 
 1 Mark Borowiecki          Matt Gilroy              60     1   2  2  
 2 T.J. Brennan             Michael Kostka           40     1   2  2  

Penalty Kill - 3 Players Forward 
   Forward                                           Time % Phy DF OF 
 1 Rich Peverley                                     60     1   2  2  
 2 Markus Granlund                                   40     1   2  2  

Penalty Kill - 3 Players Defense
   Defense                  Defense                  Time % Phy DF OF 
 1 Mark Borowiecki          Matt Gilroy              60     1   2  2  
 2 T.J. Brennan             Michael Kostka           40     1   2  2  

4 vs 4 Forward 
   Center                   Wing                     Time % Phy DF OF 
 1 Rich Peverley            Jaden Schwartz           60     1   2  2  
 2 Martin Erat              Eric Nystrom             40     1   2  2  

4 vs 4 Defense
   Defense                  Defense                  Time % Phy DF OF 
 1 Matt Gilroy              Michael Kostka           60     1   2  2  
 2 T.J. Brennan             Evan Oberg               40     1   2  2  

Last Minutes Offensive
   Center                   Left Wing                Right Wing               Defense                  Defense                  
   Rich Peverley            Jaden Schwartz           Elias Lindholm           Matt Gilroy              Michael Kostka           

Last Minutes Defensive
   Center                   Left Wing                Right Wing               Defense                  Defense                  
   Rich Peverley            Jaden Schwartz           Eric Nystrom             Mark Borowiecki          Matt Gilroy              

Goaltenders
Starting : Carter Hutton            
Backup : Mike McKenna             

Extra Forwards
Normal : Jaden Schwartz, Elias Lindholm, Rich Peverley - PP : Stephen Weiss, Martin Erat - PK : Markus Granlund
Extra Defensemen
Normal : Michael Kostka, T.J. Brennan, Evan Oberg - PP : Evan Oberg - PK : Evan Oberg, Matt Gilroy
Penalty Shots
Jaden Schwartz, Elias Lindholm, Martin Erat, Rich Peverley, Stephen Weiss

% Time on Ice - Blackhawks

Lines # - Real PCT - Wanted PCT - Time Play
Normal Forward
1 - 27% - 30% - 12:40
2 - 26% - 25% - 12:03
3 - 25% - 25% - 11:44
4 - 22% - 20% - 10:02
Normal Defense
1 - 28% - 30% - 13:06
2 - 34% - 30% - 15:56
3 - 33% - 30% - 15:16
4 - 5% - 10% - 2:11
PP Forward
1 - 49% - 50% - 3:50
2 - 51% - 50% - 4:01
PP Defense
1 - 44% - 50% - 3:27
2 - 56% - 50% - 4:24
PK Forward
1 - 43% - 50% - 2:04
2 - 57% - 50% - 2:44
PK Defense
1 - 72% - 50% - 3:27
2 - 28% - 50% - 1:21
PK3 Forward
1 - 0% - 50%
2 - 0% - 50%
PK3 Defense
1 - 0% - 50%
2 - 0% - 50%
44 Forward
1 - 62% - 50% - 0:32
2 - 38% - 50% - 0:20
44 Defense
1 - 38% - 50% - 0:20
2 - 62% - 50% - 0:32
Last Minute Offensive  - 0:00
Last Minute Defensive  - 0:00
Total
Forward - 60:00
Defense - 60:00

% Time on Ice - Coyotes

Lines # - Real PCT - Wanted PCT - Time Play
Normal Forward
1 - 21% - 35% - 9:52
2 - 30% - 30% - 13:44
3 - 31% - 22% - 14:17
4 - 19% - 13% - 8:36
Normal Defense
1 - 35% - 35% - 16:07
2 - 26% - 30% - 12:15
3 - 30% - 22% - 14:06
4 - 9% - 13% - 4:01
PP Forward
1 - 61% - 60% - 2:56
2 - 39% - 40% - 1:52
PP Defense
1 - 64% - 60% - 3:04
2 - 36% - 40% - 1:44
PK Forward
1 - 77% - 60% - 6:05
2 - 23% - 40% - 1:46
PK Defense
1 - 69% - 60% - 5:24
2 - 31% - 40% - 2:27
PK3 Forward
1 - 0% - 60%
2 - 0% - 40%
PK3 Defense
1 - 0% - 60%
2 - 0% - 40%
44 Forward
1 - 100% - 60% - 0:52
2 - 0% - 40% - 0:00
44 Defense
1 - 100% - 60% - 0:52
2 - 0% - 40% - 0:00
Last Minute Offensive  - 0:00
Last Minute Defensive  - 0:00
Total
Forward - 60:00
Defense - 60:00

Play by Play

1st period


0:01 of 1st period - Martin Hanzal wins face-off versus Elias Lindholm in neutral zone.
0:26 of 1st period - Slapshot by Martin Hanzal.
0:26 of 1st period - Stopped by Carter Hutton with a rebound.
0:28 of 1st period - Snap shot by Dustin Byfuglien.
0:28 of 1st period - Stopped by Carter Hutton with a rebound.
0:30 of 1st period - Snap shot by Dustin Byfuglien.
0:30 of 1st period - Stopped by Carter Hutton with a rebound.
0:32 of 1st period - Slapshot by Ed Jovanovski.
0:32 of 1st period - Shot Misses the Net.
0:36 of 1st period - Wrist shot by Martin Hanzal.
0:36 of 1st period - Shot Blocked by Jaden Schwartz.
0:38 of 1st period - Slapshot by Barret Jackman.
0:38 of 1st period - Shot Blocked by Michael Kostka.
0:48 of 1st period - Snap shot by Jeff Carter.
0:48 of 1st period - Stopped by Carter Hutton without a rebound.
0:49 of 1st period - Rich Peverley wins face-off versus Riley Sheahan in Coyotes zone.
0:54 of 1st period - Slapshot by Matt Gilroy.
0:54 of 1st period - Shot Blocked by Justin Braun.
1:15 of 1st period - Slapshot by Justin Braun.
1:15 of 1st period - Stopped by Carter Hutton with a rebound.
1:17 of 1st period - Slapshot by Michael Del Zotto.
1:17 of 1st period - Stopped by Carter Hutton with a rebound.
1:19 of 1st period - Slapshot by Justin Braun.
1:19 of 1st period - Deflect By Jeff Carter.
1:19 of 1st period - Stopped by Carter Hutton without a rebound.
1:20 of 1st period - Stephen Weiss wins face-off versus David Backes in Coyotes zone.
1:37 of 1st period - Snap shot by Martin Erat.
1:37 of 1st period - Stopped by Jimmy Howard without a rebound.
1:38 of 1st period - Stephen Weiss wins face-off versus David Backes in Blackhawks zone.
2:03 of 1st period - Wrist shot by David Backes.
2:03 of 1st period - Shot Blocked by Martin Erat.
2:05 of 1st period - Minor Penalty to Evan Oberg for Hooking.
2:06 of 1st period - Rich Peverley wins face-off versus Martin Hanzal in Coyotes zone.
2:34 of 1st period - Off-side.
2:35 of 1st period - David Backes wins face-off versus Markus Granlund in neutral zone.
2:59 of 1st period - Wrist shot by Dustin Byfuglien.
2:59 of 1st period - Goal by Dustin Byfuglien - Blackhawks : 1 - Coyotes : 0.
3:00 of 1st period - Brooks Laich wins face-off versus Markus Granlund in neutral zone.
3:17 of 1st period - Wrist shot by Mark Borowiecki.
3:17 of 1st period - Stopped by Jimmy Howard with a rebound.
3:31 of 1st period - Wrist shot by Dale Weise.
3:31 of 1st period - Shot Misses the Net.
3:33 of 1st period - Slapshot by Mark Borowiecki.
3:33 of 1st period - Deflect By Justin Braun.
3:33 of 1st period - Stopped by Jimmy Howard without a rebound.
3:34 of 1st period - Martin Hanzal wins face-off versus Rich Peverley in Blackhawks zone.
3:51 of 1st period - Wrist shot by Martin Hanzal.
3:51 of 1st period - Shot Misses the Net.
3:53 of 1st period - Slapshot by Barret Jackman.
3:53 of 1st period - Stopped by Carter Hutton with a rebound.
3:55 of 1st period - Slapshot by Ed Jovanovski.
3:55 of 1st period - Shot Misses the Net.
3:57 of 1st period - Slapshot by Ed Jovanovski.
3:57 of 1st period - Shot Blocked by Michael Kostka.
4:44 of 1st period - Wrist shot by Elias Lindholm.
4:44 of 1st period - Shot Misses the Net.
5:06 of 1st period - Minor Penalty to Mark Borowiecki for Hooking.
5:07 of 1st period - Rich Peverley wins face-off versus David Backes in Coyotes zone.
5:07 of 1st period - Rich Peverley is hit by Torey Krug.
5:40 of 1st period - Matt Gilroy is hit by Jeff Carter and loses puck.
6:31 of 1st period - Jaden Schwartz is hit by David Backes and loses puck.
7:06 of 1st period - Penalty to Mark Borowiecki is over, Mark Borowiecki is back on ice.
7:09 of 1st period - Off-side.
7:10 of 1st period - David Backes wins face-off versus Stephen Weiss in neutral zone.
8:16 of 1st period - Backhand shot by Elias Lindholm.
8:16 of 1st period - Shot Blocked by Jordie Benn.
8:49 of 1st period - Icing by Tyler Toffoli.
8:50 of 1st period - Rich Peverley wins face-off versus David Backes in Blackhawks zone.
9:51 of 1st period - Dale Weise is hit by Barret Jackman and loses puck.
10:04 of 1st period - Mike Hoffman is hit by Stephen Weiss and loses puck.
10:38 of 1st period - Michael Del Zotto is hit by Martin Erat and loses puck.
10:49 of 1st period - Justin Braun is hit by Jaden Schwartz and loses puck.
11:26 of 1st period - Wrist shot by Brent Burns.
11:26 of 1st period - Shot Blocked by Matt Gilroy.
11:58 of 1st period - Slapshot by Dustin Byfuglien.
11:58 of 1st period - Shot Blocked by Michael Kostka.
12:00 of 1st period - Wrist shot by Dustin Byfuglien.
12:00 of 1st period - Goal by Dustin Byfuglien - Blackhawks : 2 - Coyotes : 0.
12:01 of 1st period - Andrew Shaw wins face-off versus Stephen Weiss in neutral zone.
12:05 of 1st period - Minor Penalty to T.J. Brennan for Roughing.
12:06 of 1st period - Martin Hanzal wins face-off versus Rich Peverley in Coyotes zone.
12:31 of 1st period - Wrist shot by Martin Hanzal.
12:31 of 1st period - Deflect By Ryan Callahan.
12:31 of 1st period - Deflect By Rich Peverley.
12:31 of 1st period - Shot Misses the Net.
12:31 of 1st period - Puck is out of play.
12:32 of 1st period - Rich Peverley wins face-off versus David Backes in Coyotes zone.
12:47 of 1st period - Icing by David Backes.
12:48 of 1st period - Rich Peverley wins face-off versus David Backes in Blackhawks zone.
12:53 of 1st period - Wrist shot by Rich Peverley.
12:53 of 1st period - Stopped by Jimmy Howard with a rebound.
13:03 of 1st period - Snap shot by Tyler Toffoli.
13:03 of 1st period - Shot Blocked by Michael Kostka.
13:05 of 1st period - Snap shot by Torey Krug.
13:05 of 1st period - Deflect By Michael Kostka.
13:05 of 1st period - Goal by Torey Krug - Blackhawks : 3 - Coyotes : 0.
13:06 of 1st period - David Jones wins face-off versus David Backes in neutral zone.
13:23 of 1st period - Wrist shot by David Backes.
13:23 of 1st period - Stopped by Carter Hutton with a rebound.
13:25 of 1st period - Wrist shot by David Backes.
13:25 of 1st period - Deflect By Tyler Toffoli.
13:25 of 1st period - Shot Misses the Net.
13:25 of 1st period - Puck is out of play.
13:26 of 1st period - David Backes wins face-off versus Elias Lindholm in Coyotes zone.
13:27 of 1st period - Wrist shot by Tyler Toffoli.
13:27 of 1st period - Shot Misses the Net.
14:11 of 1st period - Minor Penalty to Eric Nystrom for Holding.
14:12 of 1st period - Martin Hanzal wins face-off versus Rich Peverley in Coyotes zone.
14:59 of 1st period - Snap shot by Jeff Carter.
14:59 of 1st period - Stopped by Carter Hutton with a rebound.
15:01 of 1st period - Wrist shot by Jeff Carter.
15:01 of 1st period - Shot Blocked by Rich Peverley.
15:03 of 1st period - Slapshot by David Backes.
15:03 of 1st period - Shot Misses the Net.
15:47 of 1st period - Mark Borowiecki is hit by David Backes and loses puck.
16:11 of 1st period - Penalty to Eric Nystrom is over, Eric Nystrom is back on ice.
16:44 of 1st period - Off-side.
16:45 of 1st period - Elias Lindholm wins face-off versus Andrew Shaw in neutral zone.
17:13 of 1st period - Wrist shot by Brooks Laich.
17:13 of 1st period - Stopped by Carter Hutton with a rebound.
18:59 of 1st period - Wrist shot by Rich Peverley.
18:59 of 1st period - Stopped by Jimmy Howard without a rebound.
19:00 of 1st period - Rich Peverley wins face-off versus Andrew Shaw in Blackhawks zone.
19:33 of 1st period - Snap shot by David Backes.
19:33 of 1st period - Stopped by Carter Hutton with a rebound.
19:35 of 1st period - Wrist shot by Barret Jackman.
19:35 of 1st period - Stopped by Carter Hutton without a rebound.
19:36 of 1st period - Elias Lindholm wins face-off versus David Backes in Coyotes zone.
Goals for this period are 3 for Blackhawks vs 0 for Coyotes.
Shots for this period are 16 for Blackhawks vs 5 for Coyotes.

2nd period


0:01 of 2nd period - Martin Hanzal wins face-off versus Rich Peverley in neutral zone.
0:23 of 2nd period - Wrist shot by Martin Hanzal.
0:23 of 2nd period - Shot Misses the Net.
0:25 of 2nd period - Slapshot by Ed Jovanovski.
0:25 of 2nd period - Shot Misses the Net.
0:27 of 2nd period - Slapshot by Martin Hanzal.
0:27 of 2nd period - Shot Misses the Net.
0:29 of 2nd period - Wrist shot by Barret Jackman.
0:29 of 2nd period - Shot Misses the Net.
0:31 of 2nd period - Slapshot by Barret Jackman.
0:31 of 2nd period - Shot Misses the Net.
1:29 of 2nd period - David Backes is hit by Rich Peverley and loses puck.
1:42 of 2nd period - Slapshot by Brent Burns.
1:42 of 2nd period - Deflect By Tyler Toffoli.
1:42 of 2nd period - Shot Blocked by Rich Peverley.
1:42 of 2nd period - Puck is out of play.
1:43 of 2nd period - Elias Lindholm wins face-off versus David Backes in Coyotes zone.
1:50 of 2nd period - Snap shot by Jaden Schwartz.
1:50 of 2nd period - Stopped by Jimmy Howard with a rebound.
2:16 of 2nd period - Minor Penalty to T.J. Brennan for Hooking.
2:17 of 2nd period - Markus Granlund wins face-off versus Martin Hanzal in Coyotes zone.
2:40 of 2nd period - Snap shot by Torey Krug.
2:40 of 2nd period - Shot Blocked by Rich Peverley.
2:40 of 2nd period - Rich Peverley from Coyotes is injured at 2:40 of 2nd period (Sprained Left Knee).
2:41 of 2nd period - Markus Granlund wins face-off versus David Backes in Coyotes zone.
2:53 of 2nd period - Slapshot by Brent Burns.
2:53 of 2nd period - Shot Misses the Net.
3:27 of 2nd period - Snap shot by Markus Granlund.
3:27 of 2nd period - Deflect By Dustin Byfuglien.
3:27 of 2nd period - Stopped by Jimmy Howard with a rebound.
3:55 of 2nd period - Snap shot by Martin Hanzal.
3:55 of 2nd period - Stopped by Carter Hutton without a rebound.
3:56 of 2nd period - Martin Hanzal wins face-off versus Elias Lindholm in Coyotes zone.
4:16 of 2nd period - Penalty to T.J. Brennan is over, T.J. Brennan is back on ice.
4:19 of 2nd period - Snap shot by Ryan Callahan.
4:19 of 2nd period - Stopped by Carter Hutton with a rebound.
5:00 of 2nd period - Snap shot by Andrew Shaw.
5:00 of 2nd period - Deflect By Brooks Laich.
5:00 of 2nd period - Stopped by Carter Hutton with a rebound.
5:20 of 2nd period - Snap shot by David Backes.
5:20 of 2nd period - Stopped by Carter Hutton without a rebound.
5:21 of 2nd period - David Backes wins face-off versus Stephen Weiss in Coyotes zone.
5:54 of 2nd period - Snap shot by Drayson Bowman.
5:54 of 2nd period - Stopped by Jimmy Howard with a rebound.
6:46 of 2nd period - Eric Nystrom is hit by Dustin Byfuglien and loses puck.
7:18 of 2nd period - Icing by Barret Jackman.
7:19 of 2nd period - Aaron Palushaj wins face-off versus Jeff Carter in Blackhawks zone.
8:20 of 2nd period - Wrist shot by Torey Krug.
8:20 of 2nd period - Shot Misses the Net.
9:00 of 2nd period - T.J. Brennan is hit by Dustin Byfuglien.
10:14 of 2nd period - Mike Hoffman is hit by Evan Oberg and loses puck.
11:51 of 2nd period - Snap shot by Ryan Callahan.
11:51 of 2nd period - Stopped by Carter Hutton without a rebound.
11:52 of 2nd period - David Backes wins face-off versus Elias Lindholm in Coyotes zone.
13:15 of 2nd period - Slapshot by Michael Del Zotto.
13:15 of 2nd period - Shot Misses the Net.
14:02 of 2nd period - Snap shot by Riley Sheahan.
14:02 of 2nd period - Stopped by Carter Hutton without a rebound.
14:03 of 2nd period - Riley Sheahan wins face-off versus Markus Granlund in Coyotes zone.
14:10 of 2nd period - Wrist shot by Riley Sheahan.
14:10 of 2nd period - Shot Blocked by Eric Nystrom.
14:12 of 2nd period - Snap shot by Barret Jackman.
14:12 of 2nd period - Shot Blocked by Michal Jordan.
14:14 of 2nd period - Backhand shot by Ed Jovanovski.
14:14 of 2nd period - Shot Misses the Net.
14:16 of 2nd period - Slapshot by Barret Jackman.
14:16 of 2nd period - Shot Blocked by Michal Jordan.
14:18 of 2nd period - Snap shot by Mike Hoffman.
14:18 of 2nd period - Shot Misses the Net.
14:37 of 2nd period - Wrist shot by Stephen Weiss.
14:37 of 2nd period - Shot Misses the Net.
14:39 of 2nd period - Snap shot by Stephen Weiss.
14:39 of 2nd period - Shot Misses the Net.
14:41 of 2nd period - Slapshot by Mark Borowiecki.
14:41 of 2nd period - Deflect By Stephen Weiss.
14:41 of 2nd period - Goal by Stephen Weiss - Blackhawks : 3 - Coyotes : 1.
14:42 of 2nd period - Martin Hanzal wins face-off versus Elias Lindholm in neutral zone.
15:03 of 2nd period - Wrist shot by Ryan Callahan.
15:03 of 2nd period - Shot Hit the Post.
15:52 of 2nd period - Slapshot by Stephen Weiss.
15:52 of 2nd period - Stopped by Jimmy Howard without a rebound.
15:53 of 2nd period - Stephen Weiss wins face-off versus Riley Sheahan in Blackhawks zone.
15:54 of 2nd period - Snap shot by Drayson Bowman.
15:54 of 2nd period - Stopped by Jimmy Howard with a rebound.
15:56 of 2nd period - Slapshot by Michael Kostka.
15:56 of 2nd period - Stopped by Jimmy Howard without a rebound.
15:57 of 2nd period - Riley Sheahan wins face-off versus Markus Granlund in Blackhawks zone.
16:14 of 2nd period - Michael Kostka is hit by Barret Jackman.
16:48 of 2nd period - Snap shot by Dustin Byfuglien.
16:48 of 2nd period - Deflect By Aaron Palushaj.
16:48 of 2nd period - Shot Misses the Net.
16:48 of 2nd period - Puck is out of play.
16:49 of 2nd period - Martin Hanzal wins face-off versus Stephen Weiss in Coyotes zone.
17:26 of 2nd period - Wrist shot by Stephen Weiss.
17:26 of 2nd period - Goal by Stephen Weiss - Blackhawks : 3 - Coyotes : 2.
17:27 of 2nd period - David Backes wins face-off versus Jaden Schwartz in neutral zone.
17:54 of 2nd period - Snap shot by Jaden Schwartz.
17:54 of 2nd period - Shot Misses the Net.
17:56 of 2nd period - Wrist shot by Eric Nystrom.
17:56 of 2nd period - Stopped by Jimmy Howard with a rebound.
17:58 of 2nd period - Wrist shot by Eric Nystrom.
17:58 of 2nd period - Stopped by Jimmy Howard with a rebound.
18:21 of 2nd period - Minor Penalty to Ed Jovanovski for Hooking.
18:22 of 2nd period - Elias Lindholm wins face-off versus Ryan Callahan in Blackhawks zone.
18:38 of 2nd period - Wrist shot by Jaden Schwartz.
18:38 of 2nd period - Stopped by Jimmy Howard without a rebound.
18:39 of 2nd period - Martin Hanzal wins face-off versus Elias Lindholm in Blackhawks zone.
Goals for this period are 0 for Blackhawks vs 2 for Coyotes.
Shots for this period are 6 for Blackhawks vs 11 for Coyotes.

3rd period


0:01 of 3rd period - Elias Lindholm wins face-off versus Brooks Laich in neutral zone.
0:04 of 3rd period - Snap shot by Jaden Schwartz.
0:04 of 3rd period - Goal by Jaden Schwartz - Blackhawks : 3 - Coyotes : 3.
0:05 of 3rd period - Elias Lindholm wins face-off versus Martin Hanzal in neutral zone.
0:58 of 3rd period - Mark Borowiecki is hit by Ed Jovanovski and loses puck.
1:21 of 3rd period - Mike Hoffman is hit by Matt Gilroy and loses puck.
1:38 of 3rd period - Justin Braun is hit by Mark Borowiecki and loses puck.
2:28 of 3rd period - Wrist shot by Markus Granlund.
2:28 of 3rd period - Shot Blocked by Brooks Laich.
2:30 of 3rd period - Snap shot by Markus Granlund.
2:30 of 3rd period - Shot Misses the Net.
2:32 of 3rd period - Wrist shot by Aaron Palushaj.
2:32 of 3rd period - Shot Misses the Net.
2:34 of 3rd period - Snap shot by Dale Weise.
2:34 of 3rd period - Shot Misses the Net.
2:36 of 3rd period - Snap shot by Aaron Palushaj.
2:36 of 3rd period - Deflect By Dale Weise.
2:36 of 3rd period - Stopped by Jimmy Howard with a rebound.
2:42 of 3rd period - Slapshot by Markus Granlund.
2:42 of 3rd period - Shot Misses the Net.
3:04 of 3rd period - Martin Hanzal is hit by Eric Nystrom and loses puck.
3:31 of 3rd period - Wrist shot by Stephen Weiss.
3:31 of 3rd period - Shot Misses the Net.
4:07 of 3rd period - Minor Penalty to Jordie Benn for High sticking.
4:08 of 3rd period - Stephen Weiss wins face-off versus Martin Hanzal in Blackhawks zone.
5:55 of 3rd period - Snap shot by Markus Granlund.
5:55 of 3rd period - Stopped by Jimmy Howard without a rebound.
5:56 of 3rd period - Markus Granlund wins face-off versus Brooks Laich in Blackhawks zone.
6:07 of 3rd period - Penalty to Jordie Benn is over, Jordie Benn is back on ice.
6:21 of 3rd period - Snap shot by David Jones.
6:21 of 3rd period - Shot Blocked by Justin Braun.
6:35 of 3rd period - Snap shot by Aaron Palushaj.
6:35 of 3rd period - Stopped by Jimmy Howard without a rebound.
6:36 of 3rd period - Markus Granlund wins face-off versus Riley Sheahan in Blackhawks zone.
6:37 of 3rd period - Snap shot by Aaron Palushaj.
6:37 of 3rd period - Shot Misses the Net.
6:39 of 3rd period - Slapshot by Michal Jordan.
6:39 of 3rd period - Stopped by Jimmy Howard with a rebound.
7:30 of 3rd period - Slapshot by Elias Lindholm.
7:30 of 3rd period - Stopped by Jimmy Howard with a rebound.
7:32 of 3rd period - Wrist shot by Michael Kostka.
7:32 of 3rd period - Stopped by Jimmy Howard without a rebound.
7:33 of 3rd period - David Backes wins face-off versus Elias Lindholm in Blackhawks zone.
7:33 of 3rd period - David Backes is hit by Eric Nystrom.
7:47 of 3rd period - Wrist shot by David Backes.
7:47 of 3rd period - Stopped by Carter Hutton with a rebound.
8:08 of 3rd period - Slapshot by Stephen Weiss.
8:08 of 3rd period - Shot Misses the Net.
8:12 of 3rd period - Wrist shot by Stephen Weiss.
8:12 of 3rd period - Stopped by Jimmy Howard without a rebound.
8:13 of 3rd period - Stephen Weiss wins face-off versus Andrew Shaw in Blackhawks zone.
8:44 of 3rd period - Wrist shot by Aaron Palushaj.
8:44 of 3rd period - Stopped by Jimmy Howard with a rebound.
8:52 of 3rd period - Snap shot by Dale Weise.
8:52 of 3rd period - Shot Misses the Net.
9:36 of 3rd period - Snap shot by Jaden Schwartz.
9:36 of 3rd period - Shot Hit the Post.
10:27 of 3rd period - Elias Lindholm is hit by Barret Jackman and loses puck.
11:20 of 3rd period - T.J. Brennan is hit by David Backes and loses puck.
11:55 of 3rd period - Snap shot by Ryan Callahan.
11:55 of 3rd period - Shot Misses the Net.
12:11 of 3rd period - Wrist shot by Stephen Weiss.
12:11 of 3rd period - Shot Misses the Net.
12:13 of 3rd period - Wrist shot by Matt Gilroy.
12:13 of 3rd period - Shot Blocked by Torey Krug.
12:15 of 3rd period - Slapshot by Mark Borowiecki.
12:15 of 3rd period - Stopped by Jimmy Howard with a rebound.
12:17 of 3rd period - Slapshot by Mark Borowiecki.
12:17 of 3rd period - Shot Hit the Post.
12:47 of 3rd period - Snap shot by Andrew Shaw.
12:47 of 3rd period - Stopped by Carter Hutton with a rebound.
12:49 of 3rd period - Slapshot by Justin Fontaine.
12:49 of 3rd period - Shot Misses the Net.
12:51 of 3rd period - Snap shot by Justin Braun.
12:51 of 3rd period - Shot Misses the Net.
12:53 of 3rd period - Wrist shot by Andrew Shaw.
12:53 of 3rd period - Stopped by Carter Hutton without a rebound.
12:54 of 3rd period - Brooks Laich wins face-off versus Jaden Schwartz in Coyotes zone.
13:15 of 3rd period - Slapshot by David Backes.
13:15 of 3rd period - Stopped by Carter Hutton with a rebound.
13:17 of 3rd period - Slapshot by Barret Jackman.
13:17 of 3rd period - Shot Blocked by Michael Kostka.
13:23 of 3rd period - Snap shot by David Backes.
13:23 of 3rd period - Deflect By Brent Burns.
13:23 of 3rd period - Stopped by Carter Hutton with a rebound.
13:25 of 3rd period - Snap shot by Brent Burns.
13:25 of 3rd period - Shot Blocked by Michael Kostka.
13:27 of 3rd period - Snap shot by David Backes.
13:27 of 3rd period - Stopped by Carter Hutton without a rebound.
13:28 of 3rd period - David Backes wins face-off versus Markus Granlund in Coyotes zone.
14:19 of 3rd period - Pierre-Marc Bouchard is hit by Ryan Callahan and loses puck.
14:46 of 3rd period - Wrist shot by Riley Sheahan.
14:46 of 3rd period - Stopped by Carter Hutton with a rebound.
14:48 of 3rd period - Slapshot by Torey Krug.
14:48 of 3rd period - Shot Misses the Net.
14:50 of 3rd period - Slapshot by Torey Krug.
14:50 of 3rd period - Stopped by Carter Hutton without a rebound.
14:51 of 3rd period - Stephen Weiss wins face-off versus Riley Sheahan in Coyotes zone.
15:46 of 3rd period - Slapshot by Torey Krug.
15:46 of 3rd period - Shot Misses the Net.
15:48 of 3rd period - Snap shot by Torey Krug.
15:48 of 3rd period - Stopped by Carter Hutton with a rebound.
15:50 of 3rd period - Slapshot by Jordie Benn.
15:50 of 3rd period - Deflect By Martin Erat.
15:50 of 3rd period - Stopped by Carter Hutton with a rebound.
15:52 of 3rd period - Snap shot by Justin Fontaine.
15:52 of 3rd period - Stopped by Carter Hutton with a rebound.
15:54 of 3rd period - Snap shot by Jordie Benn.
15:54 of 3rd period - Deflect By Drayson Bowman.
15:54 of 3rd period - Stopped by Carter Hutton with a rebound.
15:56 of 3rd period - Snap shot by Justin Fontaine.
15:56 of 3rd period - Stopped by Carter Hutton with a rebound.
16:49 of 3rd period - Stephen Weiss is hit by Martin Hanzal.
17:49 of 3rd period - Wrist shot by Jeff Carter.
17:49 of 3rd period - Stopped by Carter Hutton with a rebound.
18:01 of 3rd period - Minor Penalty to Justin Fontaine for Hooking.
18:02 of 3rd period - Elias Lindholm wins face-off versus Brooks Laich in Blackhawks zone.
18:07 of 3rd period - Snap shot by Elias Lindholm.
18:07 of 3rd period - Shot Misses the Net.
19:07 of 3rd period - Minor Penalty to David Jones for Holding.
19:08 of 3rd period - Elias Lindholm wins face-off versus Martin Hanzal in Coyotes zone.
19:27 of 3rd period - Wrist shot by Ryan Callahan.
19:27 of 3rd period - Goal by Ryan Callahan - Blackhawks : 4 - Coyotes : 3.
19:28 of 3rd period - David Backes wins face-off versus Elias Lindholm in neutral zone.
19:35 of 3rd period - Snap shot by Jeff Carter.
19:35 of 3rd period - Shot Misses the Net.
19:42 of 3rd period - Off-side.
19:43 of 3rd period - Gerald Gallant call a timeout for Coyotes.
19:43 of 3rd period - Elias Lindholm wins face-off versus David Backes in neutral zone.
19:47 of 3rd period - Coyotes, Carter Hutton is pulled from the net.
Goals for this period are 1 for Blackhawks vs 1 for Coyotes.
Shots for this period are 15 for Blackhawks vs 10 for Coyotes.


Output by the SimonT Hockey Simulator (STHS) for Eric Dolegowski -- Original Page W3C XHTML 1.0 Valid
Hockey Simulator - Hockey Simulation - Hockey Manager